ABL
SOUTH MELBOURNE SWANS @ CANBERRA RAIDERS
08/27/2022
 
TOP OF THE 1ST
South Melbourne Swans batting - Pitching for Canberra Raiders : LHP Rylan Eyres-Brown
Pitching: LHP Rylan Eyres-Brown
Batting: RHB Juan Huezo 0-0: Ball
1-0: Swinging Strike
1-1: Ball
2-1: Swinging Strike
2-2: Foul Ball, location: 2F
2-2: Foul Ball, location: 25F
2-2: Fly out, F7 (Flyball, 78M, EV 89.4 MPH)
Batting: RHB Rhett Johnston 0-0: Called Strike
0-1: Ball
1-1: Fly out, F3 (Popup, 23F, EV 85.6 MPH)
Batting: LHB Calvin Ingleby 0-0: Swinging Strike
0-1: Swinging Strike
0-2: Fly out, F8 (Flyball, 8LS, EV 81.9 MPH)
Top of the 1st over - 0 runs, 0 hits, 0 errors, 0 left on base; South Melbourne 0 - Canberra 0
BOTTOM OF THE 1ST
Canberra Raiders batting - Pitching for South Melbourne Swans : RHP Peyton Shackell
Pitching: RHP Peyton Shackell
Batting: RHB Jory Esplin 0-0: Ball
1-0: Called Strike
1-1: DOUBLE (Line Drive, 89D, EV 106.3 MPH)
Batting: LHB Glen Hamlyn 0-0: Ball
1-0: Ball
2-0: Called Strike
2-1: Ball
3-1: Fly out, F8 (Flyball, 8RD, EV 101.3 MPH)
Batting: RHB Tim Kennelly 0-0: Foul Ball, location: 9LSF
0-1: Ball
1-1: Ball
2-1: Ground out 6-3 (Groundball, 6MD, EV 98.8 MPH)
Batting: LHB Ken Pym 0-0: Called Strike
0-1: DOUBLE (Flyball, 8LXD, EV 91.3 MPH)
Jory Esplin scores
Batting: SHB Matt Melsome 0-0: Ball
1-0: Ground out 4-3 (Groundball, 34, EV 101.3 MPH)
Bottom of the 1st over - 1 run, 2 hits, 0 errors, 1 left on base; South Melbourne 0 - Canberra 1
TOP OF THE 2ND
South Melbourne Swans batting - Pitching for Canberra Raiders : LHP Rylan Eyres-Brown
Batting: RHB Kole Palethorpe 0-0: Ball
1-0: Fly out, F4 (Popup, 4, EV 70.0 MPH)
Batting: RHB Hector Gomez 0-0: Fly out, F8 (Flyball, 78M, EV 81.3 MPH)
Batting: LHB Braeden Scarth 0-0: Ball
1-0: Ball
2-0: Called Strike
2-1: Foul Ball, location: 7LMF
2-2: Strikes out looking
Top of the 2nd over - 0 runs, 0 hits, 0 errors, 0 left on base; South Melbourne 0 - Canberra 1
BOTTOM OF THE 2ND
Canberra Raiders batting - Pitching for South Melbourne Swans : RHP Peyton Shackell
Batting: RHB Brad Windus 0-0: Swinging Strike
0-1: Called Strike
0-2: Foul Ball, location: 2F
0-2: Ball
1-2: Ball
2-2: Foul Ball, location: 2F
2-2: Foul Ball, location: 2F
2-2: Fly out, F8 (Flyball, 8LXD, EV 95.0 MPH)
Batting: LHB Trent Tombs 0-0: Ground out 4-3 (Groundball, 4, EV 85.6 MPH)
Batting: LHB Rylan Eyres-Brown 0-0: Ground out 4-3 (Groundball, 34D, EV 102.5 MPH)
Bottom of the 2nd over - 0 runs, 0 hits, 0 errors, 0 left on base; South Melbourne 0 - Canberra 1
TOP OF THE 3RD
South Melbourne Swans batting - Pitching for Canberra Raiders : LHP Rylan Eyres-Brown
Batting: RHB Jarrod Rudder 0-0: Ball
1-0: Ball
2-0: SINGLE (Line Drive, 89S, EV 105.6 MPH)
Batting: RHB Mark Goudie 0-0: Called Strike
0-1: Ball
1-1: Called Strike
1-2: Foul Ball, location: 2F
1-2: Grounds into double play, 4-6-3 (Groundball, 4, EV 88.8 MPH)
Batting: RHB Peyton Shackell 0-0: Ball
1-0: Foul Ball, location: 3SF
1-1: Foul Ball, location: 9LSF
1-2: Ball
2-2: Strikes out swinging
Top of the 3rd over - 0 runs, 1 hit, 0 errors, 0 left on base; South Melbourne 0 - Canberra 1
BOTTOM OF THE 3RD
Canberra Raiders batting - Pitching for South Melbourne Swans : RHP Peyton Shackell
Batting: LHB Walt Rogers 0-0: Ball
1-0: Ball
2-0: Called Strike
2-1: Foul Ball, location: 9LSFF
2-2: Strikes out swinging
Batting: RHB Jory Esplin 0-0: Ball
1-0: Swinging Strike
1-1: Ball
2-1: Ground out U3 (Groundball, 34D, EV 96.9 MPH)
Batting: LHB Glen Hamlyn 0-0: Ball
1-0: Ball
2-0: DOUBLE (Line Drive, 78D, EV 108.1 MPH)
Batting: RHB Tim Kennelly 0-0: Ball
1-0: Called Strike
1-1: Foul Ball, location: 2F
1-2: Strikes out swinging
Bottom of the 3rd over - 0 runs, 1 hit, 0 errors, 1 left on base; South Melbourne 0 - Canberra 1
TOP OF THE 4TH
South Melbourne Swans batting - Pitching for Canberra Raiders : LHP Rylan Eyres-Brown
Batting: RHB Juan Huezo 0-0: Fly out, F7 (Flyball, 7S, EV 83.8 MPH)
Batting: RHB Rhett Johnston 0-0: Called Strike
0-1: Swinging Strike
0-2: Strikes out looking
Batting: LHB Calvin Ingleby 0-0: Ball
1-0: Called Strike
1-1: SINGLE (Line Drive, 78S, EV 97.5 MPH)
Batting: RHB Kole Palethorpe 0-0: Called Strike
0-1: Ball
1-1: Foul Ball, location: 2RF
1-2: Ball
2-2: 2-RUN HOME RUN (Flyball, 78XD, EV 112.5 MPH), Distance : 423 ft
Batting: RHB Hector Gomez 0-0: Ball
1-0: Foul Ball, location: 9LDF
1-1: Ball
2-1: Called Strike
2-2: Ground out 1-3 (Groundball, 15, EV 73.8 MPH)
Top of the 4th over - 2 runs, 2 hits, 0 errors, 0 left on base; South Melbourne 2 - Canberra 1
BOTTOM OF THE 4TH
Canberra Raiders batting - Pitching for South Melbourne Swans : RHP Peyton Shackell
Batting: LHB Ken Pym 0-0: Ball
1-0: Called Strike
1-1: Ball
2-1: Foul Ball, location: 7LDF
2-2: Foul Ball, location: 2F
2-2: Ball
3-2: SINGLE (Line Drive, 6D, EV 102.5 MPH)
Batting: SHB Matt Melsome 0-0: Fly out, F6 (Popup, 6S, EV 73.1 MPH)
Batting: RHB Brad Windus 0-0: 2-RUN HOME RUN (Flyball, 8LXD, EV 105.6 MPH), Distance : 420 ft
Batting: LHB Trent Tombs 0-0: Ball
1-0: Ground out 4-3 (Groundball, 4, EV 84.4 MPH)
Batting: LHB Rylan Eyres-Brown 0-0: Called Strike
0-1: Foul Ball, location: 2F
0-2: Strikes out swinging
Bottom of the 4th over - 2 runs, 2 hits, 0 errors, 0 left on base; South Melbourne 2 - Canberra 3
TOP OF THE 5TH
South Melbourne Swans batting - Pitching for Canberra Raiders : LHP Rylan Eyres-Brown
Batting: LHB Braeden Scarth 0-0: Foul Ball, location: 23F
0-1: Ball
1-1: Ball
2-1: Ball
3-1: Called Strike
3-2: Base on Balls
Batting: RHB Jarrod Rudder 0-0: Called Strike
0-1: Called Strike
Braeden Scarth steals 2nd base
0-2: Ball
1-2: Ball
2-2: Ball
3-2: Base on Balls
Batting: RHB Mark Goudie 0-0: Called Strike
0-1: Ball
1-1: Ball
2-1: SINGLE (Groundball, 6D, EV 95.6 MPH)
Braeden Scarth to third
Jarrod Rudder to second
Runner from 3rd tries for Home, SAFE, throw by CF to home
Batting: RHB Peyton Shackell 0-0: Bunted foul
0-1: Bunted foul
0-2: Bunted foul, Strikeout!
Batting: RHB Juan Huezo 0-0: Ball
1-0: Grounds into double play, U4-3 (Groundball, 6MD, EV 95.0 MPH)
Top of the 5th over - 1 run, 1 hit, 0 errors, 1 left on base; South Melbourne 3 - Canberra 3
BOTTOM OF THE 5TH
Canberra Raiders batting - Pitching for South Melbourne Swans : RHP Peyton Shackell
Batting: LHB Walt Rogers 0-0: Ball
1-0: Ball
2-0: Called Strike
2-1: Ball
3-1: Swinging Strike
3-2: DOUBLE (Line Drive, 89D, EV 98.1 MPH)
Batting: RHB Jory Esplin 0-0: Ball
1-0: Ball
2-0: Fly out, F4 (Popup, 23, EV 86.9 MPH)
Batting: LHB Glen Hamlyn 0-0: Called Strike
0-1: Ground out 4-3 (Groundball, 4S, EV 86.3 MPH)
Walt Rogers to third
Batting: RHB Tim Kennelly 0-0: 2-RUN HOME RUN (Flyball, 7LD, EV 90.0 MPH), Distance : 325 ft
Batting: LHB Ken Pym 0-0: SINGLE (Line Drive, 4D, EV 94.4 MPH)
Batting: SHB Matt Melsome 0-0: Called Strike
Ken Pym steals 2nd base
0-1: Called Strike
0-2: Ball
1-2: Ball
2-2: Ball
3-2: Ground out 1-3 (Groundball, 13S, EV 74.4 MPH)
Bottom of the 5th over - 2 runs, 3 hits, 0 errors, 1 left on base; South Melbourne 3 - Canberra 5
TOP OF THE 6TH
South Melbourne Swans batting - Pitching for Canberra Raiders : LHP Rylan Eyres-Brown
Batting: RHB Rhett Johnston 0-0: Ball
1-0: Fly out, F9 (Flyball, 89M, EV 98.8 MPH)
Batting: LHB Calvin Ingleby 0-0: Ball
1-0: Fly out, F7 (Flyball, 7LS, EV 88.1 MPH)
Batting: RHB Kole Palethorpe 0-0: Ball
1-0: Ball
2-0: Called Strike
2-1: Foul Ball, location: 2F
2-2: Ball
3-2: Foul Ball, location: 25FF
3-2: Strikes out swinging
Top of the 6th over - 0 runs, 0 hits, 0 errors, 0 left on base; South Melbourne 3 - Canberra 5
BOTTOM OF THE 6TH
Canberra Raiders batting - Pitching for South Melbourne Swans : RHP Peyton Shackell
Batting: RHB Brad Windus 0-0: Ground out 4-3 (Groundball, 4S, EV 86.9 MPH)
Batting: LHB Trent Tombs 0-0: Ball
1-0: Fly out, F9 (Flyball, 9S, EV 83.8 MPH)
Batting: LHB Rylan Eyres-Brown 0-0: Called Strike
0-1: Foul Ball, location: 7LDF
0-2: Foul Ball, location: 9LDF
0-2: Strikes out swinging
Bottom of the 6th over - 0 runs, 0 hits, 0 errors, 0 left on base; South Melbourne 3 - Canberra 5
TOP OF THE 7TH
South Melbourne Swans batting - Pitching for Canberra Raiders : LHP Rylan Eyres-Brown
Batting: RHB Hector Gomez 0-0: Called Strike
0-1: Ball
1-1: Swinging Strike
1-2: Ball
2-2: SOLO HOME RUN (Flyball, 7D, EV 106.9 MPH), Distance : 402 ft
Batting: LHB Braeden Scarth 0-0: Ball
1-0: Ground out U3 (Groundball, 34S, EV 74.4 MPH)
Batting: RHB Jarrod Rudder 0-0: Fly out, F8 (Line Drive, 78M, EV 95.0 MPH)
Batting: RHB Mark Goudie 0-0: Ball
1-0: Ground out 4-3 (Groundball, 4M, EV 86.3 MPH)
Top of the 7th over - 1 run, 1 hit, 0 errors, 0 left on base; South Melbourne 4 - Canberra 5
BOTTOM OF THE 7TH
Canberra Raiders batting - Pitching for South Melbourne Swans : RHP Peyton Shackell
Pitching: LHP Jory White
Batting: LHB Walt Rogers 0-0: Ball
1-0: Ball
2-0: Ground out 6-3 (Groundball, 6, EV 105.6 MPH)
Batting: RHB Jory Esplin 0-0: Called Strike
0-1: Foul Ball, location: 2F
0-2: Ball
1-2: Fly out, F8 (Flyball, 89M, EV 88.8 MPH)
Batting: LHB Glen Hamlyn 0-0: Fly out, F7 (Flyball, 7S, EV 94.4 MPH)
Bottom of the 7th over - 0 runs, 0 hits, 0 errors, 0 left on base; South Melbourne 4 - Canberra 5
TOP OF THE 8TH
South Melbourne Swans batting - Pitching for Canberra Raiders : LHP Rylan Eyres-Brown
Pinch Hitting: RHB Logan Maxwell 0-0: Called Strike
0-1: Ground out 6-3 (Groundball, 6, EV 85.6 MPH)
Batting: RHB Juan Huezo 0-0: Ball
1-0: Called Strike
1-1: Swinging Strike
1-2: Ball
2-2: Foul Ball, location: 7LMF
2-2: Strikes out swinging
Batting: RHB Rhett Johnston 0-0: Ball
1-0: Ball
2-0: Ball
3-0: Base on Balls
Pitching: RHP Matthew Popplewell
Batting: LHB Calvin Ingleby 0-0: Ball
1-0: Foul Ball, location: 3FF
1-1: Swinging Strike
1-2: Strikes out swinging
Top of the 8th over - 0 runs, 0 hits, 0 errors, 1 left on base; South Melbourne 4 - Canberra 5
BOTTOM OF THE 8TH
Canberra Raiders batting - Pitching for South Melbourne Swans : LHP Jory White
Pitching: RHP Travis Quance
Batting: RHB Tim Kennelly 0-0: Ball
1-0: Ball
2-0: Ground out U3 (Groundball, 34S, EV 74.4 MPH)
Batting: LHB Ken Pym 0-0: SINGLE (Flyball, 89S, EV 90.0 MPH)
Batting: SHB Matt Melsome 0-0: SINGLE (Groundball, 6MD, EV 102.5 MPH)
Ken Pym to second
Runner from 2nd tries for 3rd, SAFE, throw by CF made to third
Batting: RHB Brad Windus 0-0: Ball
1-0: Foul Ball, location: 7LDF
1-1: Foul Ball, location: 2F
1-2: Foul Ball, location: 9LSFF
1-2: Strikes out looking
Batting: LHB Trent Tombs 0-0: Ball
1-0: 3-RUN HOME RUN (Flyball, 9D, EV 95.6 MPH), Distance : 352 ft
Pinch Hitting: LHB Darrien Simmons 0-0: Ball
1-0: Ball
2-0: Ball
3-0: Called Strike
3-1: Base on Balls
Pitching: RHP Matt Garnham
Batting: LHB Walt Rogers 0-0: Ball
1-0: Swinging Strike
1-1: Foul Ball, location: 5DF
1-2: Ball
2-2: Foul Ball, location: 2F
2-2: Ball
3-2: SINGLE (Groundball, 4, EV 105.0 MPH) (infield hit)
Darrien Simmons to second
Batting: RHB Jory Esplin 0-0: Ball
1-0: SINGLE (Groundball, 4M, EV 103.1 MPH) (infield hit)
Darrien Simmons to third
Walt Rogers to second
Batting: LHB Glen Hamlyn 0-0: Ball
1-0: DOUBLE (Flyball, 8LXD, EV 107.5 MPH)
Darrien Simmons scores
Walt Rogers scores
Jory Esplin to third
Runner from 3rd tries for Home, SAFE, throw by CF to trailing runner, OUT at third! 8-3-5
Bottom of the 8th over - 6 runs, 6 hits, 0 errors, 0 left on base; South Melbourne 4 - Canberra 11
TOP OF THE 9TH
South Melbourne Swans batting - Pitching for Canberra Raiders : RHP Matthew Popplewell
Pitching: LHP Bobbie Quarles
Batting: RHB Kole Palethorpe 0-0: Called Strike
0-1: Ball
1-1: Foul Ball, location: 5FF
1-2: Foul Ball, location: 3F
1-2: Foul Ball, location: 2F
1-2: DOUBLE (Line Drive, 89XD, EV 103.8 MPH)
Batting: RHB Hector Gomez 0-0: Ball
1-0: SINGLE (Line Drive, 7S, EV 106.3 MPH)
Kole Palethorpe to third
Batting: LHB Braeden Scarth 0-0: Ball
1-0: Ball
2-0: Foul Ball, location: 7LSF
2-1: Foul Ball, location: 23F
2-2: Fielders Choice at 2nd, 3-6 (Groundball, 34, EV 82.5 MPH)
Kole Palethorpe scores
Batting: RHB Jarrod Rudder 0-0: Ball
1-0: Foul Ball, location: 25F
1-1: Foul Ball, location: 9LDF
1-2: Foul Ball, location: 3SF
1-2: Ball
2-2: Ball
3-2: Foul Ball, location: 2F
3-2: SINGLE (Line Drive, 8LS, EV 101.9 MPH)
Braeden Scarth to second
Braeden Scarth to third
Batting: RHB Mark Goudie 0-0: Called Strike
0-1: Ball
1-1: Ball
2-1: Ball
3-1: Base on Balls
Jarrod Rudder to second
Pinch Hitting: LHB C.B. Hadingham 0-0: GRAND SLAM HOME RUN (Flyball, 89XD, EV 113.1 MPH), Distance : 458 ft
Pitching: RHP Ozzie Rawle
Batting: RHB Juan Huezo 0-0: Ball
1-0: Ball
2-0: Ground out 6-3 (Groundball, 56, EV 77.5 MPH)
Batting: RHB Rhett Johnston 0-0: Ball
1-0: Foul Ball, location: 2F
1-1: Called Strike
1-2: Foul Ball, location: 9LMF
1-2: Strikes out looking
Top of the 9th over - 5 runs, 4 hits, 0 errors, 0 left on base; South Melbourne 9 - Canberra 11
Sunday, May 5th , 2024 - OOTP Baseball 24.9 Build 80